 Dungeon Crawl Stone Soup version 0.17.2 (webtiles) character file.

262 Goblin1989 the Slasher (level 5, -9/39 HPs)
             Began as a Demonspawn Gladiator on July 11, 2016.
             Was a Believer of Makhleb.
             Killed by divine providence
             ... invoked by an orc priest
              (14 damage)
             ... on level 4 of the Dungeon.
             The game lasted 00:12:22 (3932 turns).

Goblin1989 the Slasher (Demonspawn Gladiator)       Turns: 3932, Time: 00:12:23

Health: -9/39      AC:  9    Str: 17    XL:     5   Next: 97%
Magic:  2/5        EV: 10    Int:  9    God:    Makhleb [**....]
Gold:   161        SH:  0    Dex: 13    Spells: 0 memorised, 4 levels left

rFire  . . .     SeeInvis .     a - +0 long sword
rCold  + . .     Clarity  .     g - +0 scale mail
rNeg   . . .     SustAt   .     (no shield)
rPois  .         Gourm    .     (helmet restricted)
rElec  .         Spirit   .     y - +0 cloak
rCorr  .         Warding  .     r - +0 pair of gloves
rMut   .         Stasis   .     (no boots)
MR     .....                    (no amulet)
Stlth  ..........               (no ring)
                                (no ring)

@: not resistant to hostile enchantments, extremely unstealthy
A: antennae 1, rugged brown scales 1, cold resistance 1
a: Minor Destruction, Renounce Religion


You were on level 4 of the Dungeon.
You worshipped Makhleb.
Makhleb was pleased with you.
You were not hungry.

You visited 1 branch of the dungeon, and saw 4 of its levels.

You collected 161 gold pieces.

Inventory:

Hand Weapons
 a - a +0 long sword (weapon)
Missiles
 d - 2 throwing nets
 l - 8 javelins (quivered)
 n - 2 needles of paralysis
Armour
 g - a +0 scale mail (worn)
 p - a +0 plate armour
 r - a +0 pair of gloves (worn)
 y - a +0 cloak (worn)
Jewellery
 s - an uncursed ring of sustain attributes {unknown}
Wands
 f - a wand of cold (4)
Scrolls
 b - a scroll of enchant armour {unknown}
 j - a scroll of random uselessness {unknown}
 k - 4 scrolls of fog {unknown}
 t - a scroll of teleportation {unknown}
 A - a scroll of identify {unknown}
 B - a scroll of blinking {unknown}
Potions
 c - a potion of degeneration {unknown}
 h - a potion of resistance {unknown}
 m - 2 potions of haste {unknown}
 o - a potion of mutation {unknown}
 q - a potion of lignification {unknown}
 v - a potion of berserk rage {unknown}
 x - a potion of flight {unknown}
 z - a potion of agility {unknown}
 C - a potion of curing
Comestibles
 e - 3 bread rations
 i - 3 fruits
 u - a royal jelly
 w - a slice of pizza
 D - a chunk of flesh
 E - a meat ration


   Skills:
 - Level 2.0 Fighting
 * Level 5.8 Long Blades
 - Level 1.7 Throwing
 + Level 1.6 Armour
 - Level 2.6 Dodging


You had 4 spell levels left.
You didn't know any spells.

Dungeon Overview and Level Annotations

Branches:
Dungeon (4/15)
 Temple: D:4-7

Altars:
Elyvilon
Gozag
Makhleb
Trog
Vehumet
Xom

Annotations:
D:3 Goblin1989's ghost, amateur DsWn


Innate Abilities, Weirdness & Mutations

You have a pair of small antennae on your head.
You are partially covered in rugged brown scales (AC +1, +3% HP).
Your flesh is cold resistant.


Message History

The hound barks!
The orc priest hits you with a flail! The orc misses you.
The orc hits you with a club.
You take 12 damage, and have 17/39 hp.
MASSIVE DAMAGE!!
You hit the orc priest but do no damage.
The orc closely misses you.
The orc priest hits you but does no damage.
The orc hits you but does no damage.
You slash the orc priest!
The orc hits you from afar with an antimagic trident.
The orc priest calls down the wrath of Beogh upon you.
Something smites you!
* * * LOW HITPOINT WARNING * * *
The orc barely misses you.
You take 13 damage, and have 4/39 hp.
MASSIVE DAMAGE!!
The orc priest closely misses you. The orc barely misses you.
The orc priest invokes the aid of Beogh against you.
Something smites you!
You die...

.............####.....###
....#....##### ###..
....#....# ## ....#....#
.......#.### .......#...+
.......o...# ......oo.###
......h#@# .......#.#
.......#.# .....###.#
..... #.# ..... #.# ...
...


You could see an orc priest and 2 orcs.

Vanquished Creatures
  A hound (D:2)
  Crazy Yiuf (D:3)
  A centaur zombie (D:4)
  Robin (D:2)
  4 gnolls (D:2)
  2 adders (D:3)
  5 worms
  2 giant geckos (D:2)
  An orc (D:4)
  3 giant cockroaches
  10 hobgoblins
  10 jackals
  9 kobolds
  A quokka (D:2)
  A ball python (D:4)
  6 bats
  5 giant newts
  16 goblins
  A quokka skeleton (D:4)
  9 rats
89 creatures vanquished.

Notes
Turn   | Place    | Note
--------------------------------------------------------------
     0 | D:1      | Goblin1989 the Demonspawn Gladiator began the quest for the Orb.
     0 | D:1      | Reached XP level 1. HP: 16/16 MP: 1/1
   148 | D:1      | Reached skill level 3 in Long Blades
   409 | D:1      | Gained mutation: Your flesh is cold resistant. [demonic ancestry]
   409 | D:1      | Reached XP level 2. HP: 20/22 MP: 2/2
  1299 | D:2      | Reached skill level 4 in Long Blades
  1299 | D:2      | Gained mutation: You are partially covered in rugged brown scales (AC +1, +3% HP). [demonic ancestry]
  1299 | D:2      | Reached XP level 3. HP: 13/27 MP: 3/3
  1302 | D:2      | Found a burning altar of Makhleb.
  1320 | D:2      | Became a worshipper of Makhleb the Destroyer
  1469 | D:2      | Gained mutation: You have a pair of small antennae on your head. [demonic ancestry]
  1469 | D:2      | Reached XP level 4. HP: 24/33 MP: 4/4
  1729 | D:2      | Noticed Robin
  1762 | D:2      | Reached skill level 5 in Long Blades
  1775 | D:2      | Killed Robin
  1924 | D:2      | Reached * piety under Makhleb
  2048 | D:2      | Reached XP level 5. HP: 39/39 MP: 5/5
  2474 | D:2      | Reached ** piety under Makhleb
  2766 | D:3      | Found a white marble altar of Elyvilon.
  2857 | D:3      | Reached skill level 1 in Armour
  3057 | D:3      | Noticed Goblin1989's ghost (amateur DsWn)
  3347 | D:3      | Noticed Crazy Yiuf
  3359 | D:3      | Killed Crazy Yiuf
  3475 | D:3      | Found a shimmering altar of Xom.
  3668 | D:4      | Found a radiant altar of Vehumet.
  3678 | D:4      | Found an opulent altar of Gozag.
  3711 | D:4      | Noticed a moth of wrath
  3714 | D:4      | Found a bloodstained altar of Trog.
  3932 | D:4      | Killed from afar by an orc priest

Action                   |  1- 3 |  4- 6 || total
-------------------------+-------+-------++-------
Melee: Long sword        |   105 |   234 ||   339
Throw: Throwing net      |     3 |     2 ||     5
       Javelin           |     8 |     4 ||    12
  Use: Potion            |       |     1 ||     1
 Stab: Held in net/web   |       |     1 ||     1
  Eat: Meat ration       |       |     1 ||     1
       Chunk             |       |     5 ||     5
